| TOP OF THE 1ST |
|
Fresno State University Bulldogs batting - Pitching for Stanford University Cardinal : LHP Carlton Hookway
|
|
Pitching: LHP Carlton Hookway
|
|
|
Batting: RHB Tony Nowak
|
0-0: Ball 1-0: Foul Ball, location: 2F 1-1: SINGLE (Groundball, 4MD, EV 98.1 MPH)
|
|
Batting: LHB Ollie Strauss
|
0-0: Called Strike 0-1: Ball 1-1: Ball 2-1: Called Strike 2-2: Ball Wild Pitch! Tony Nowak to second 3-2: Ground out 4-3 (Groundball, 34D, EV 96.9 MPH) Tony Nowak to third
|
|
Batting: SHB Carlton Stannard
|
0-0: Ball 1-0: SINGLE (Line Drive, 9S, EV 93.8 MPH) Tony Nowak scores
|
|
Batting: RHB Sandy Munoz
|
0-0: Ball 1-0: Ball 2-0: Called Strike 2-1: Foul Ball, location: 2F 2-2: DOUBLE (Flyball, 78D, EV 107.5 MPH) Carlton Stannard to third
|
|
Batting: RHB Danilo Baldia
|
0-0: Ball 1-0: Ball 2-0: Foul Ball, location: 2F 2-1: Foul Ball, location: 2F 2-2: Fly out, F7 (Flyball, 7D, EV 92.5 MPH) Runner from 3rd tags up, SCORES, throw by LF Sandy Munoz to third
|
|
Batting: RHB Greg Meyer
|
0-0: Hit by Pitch
|
|
Batting: RHB Ryan Roberts
|
0-0: Called Strike 0-1: Ball 1-1: SINGLE (Groundball, P, EV 78.8 MPH) (infield hit) Sandy Munoz scores Greg Meyer to second
|
|
Batting: LHB Brad Benanti
|
0-0: Ball 1-0: Ball 2-0: Called Strike 2-1: Fly out, F7 (Flyball, 7LS, EV 88.1 MPH)
|
| Top of the 1st over - 3 runs, 4 hits, 0 errors, 2 left on base; Fresno State University 3 - Stanford University 0 |
| BOTTOM OF THE 1ST |
|
Stanford University Cardinal batting - Pitching for Fresno State University Bulldogs : RHP Dave Heck
|
|
Pitching: RHP Dave Heck
|
|
|
Batting: RHB John Van der Linden
|
0-0: Foul Ball, location: 2F 0-1: Foul Ball, location: 2F 0-2: Reached via error on a dropped throw from 3B, E3 (Groundball, 56, EV 80.0 MPH)
|
|
Batting: RHB Joe Gabriel
|
0-0: Ball 1-0: Ball 2-0: Called Strike 2-1: Ball 3-1: Foul Ball, location: 2F 3-2: Foul Ball, location: 2F 3-2: Foul Ball, location: 2F 3-2: Fly out, F9 (Flyball, 89S, EV 90.6 MPH)
|
|
Batting: LHB Donny Kleinjan
|
0-0: Called Strike 0-1: Foul Ball, location: 2F 0-2: Grounds into double play, 4-6-3 (Groundball, 4, EV 105.6 MPH)
|
| Bottom of the 1st over - 0 runs, 0 hits, 1 error, 0 left on base; Fresno State University 3 - Stanford University 0 |
| TOP OF THE 2ND |
|
Fresno State University Bulldogs batting - Pitching for Stanford University Cardinal : LHP Carlton Hookway
|
|
Batting: SHB Gary Christianson
|
0-0: Swinging Strike 0-1: Ball 1-1: Swinging Strike 1-2: Ball 2-2: Strikes out swinging
|
|
Batting: RHB Tony Nowak
|
0-0: Ball 1-0: Ground out 5-3 (Groundball, 56, EV 83.1 MPH)
|
|
Batting: LHB Ollie Strauss
|
0-0: Ball 1-0: Ground out 5-3 (Groundball, 5, EV 104.4 MPH)
|
| Top of the 2nd over - 0 runs, 0 hits, 0 errors, 0 left on base; Fresno State University 3 - Stanford University 0 |
| BOTTOM OF THE 2ND |
|
Stanford University Cardinal batting - Pitching for Fresno State University Bulldogs : RHP Dave Heck
|
|
Batting: LHB Bryan Davidson
|
0-0: Ball 1-0: Swinging Strike 1-1: Swinging Strike 1-2: Foul Ball, location: 2F 1-2: Strikes out swinging
|
|
Batting: LHB Mike Keating
|
0-0: Ground out 4-3 (Groundball, 4S, EV 82.5 MPH)
|
|
Batting: RHB Gary Preston
|
0-0: Swinging Strike 0-1: Foul Ball, location: 2F 0-2: Foul Ball, location: 2F 0-2: Foul Ball, location: 2F 0-2: Reached on error, E5 (Groundball, 56, EV 83.1 MPH)
|
|
Batting: RHB Josh Benefield
|
0-0: Ball 1-0: Ball 2-0: Ball 3-0: Base on Balls Gary Preston to second
|
|
Batting: RHB Dzevat Koljevic
|
0-0: Called Strike 0-1: Ball 1-1: Foul Ball, location: 2F 1-2: Fly out, F8 (Line Drive, 8LM, EV 85.6 MPH)
|
| Bottom of the 2nd over - 0 runs, 0 hits, 1 error, 2 left on base; Fresno State University 3 - Stanford University 0 |
| TOP OF THE 3RD |
|
Fresno State University Bulldogs batting - Pitching for Stanford University Cardinal : LHP Carlton Hookway
|
|
Batting: SHB Carlton Stannard
|
0-0: Called Strike 0-1: Ball 1-1: Ball 2-1: SOLO HOME RUN (Flyball, 7LD, EV 103.8 MPH), Distance : 381 ft
|
|
Batting: RHB Sandy Munoz
|
0-0: Ball 1-0: Swinging Strike 1-1: Foul Ball, location: 2F 1-2: Foul Ball, location: 2F 1-2: Foul Ball, location: 2F 1-2: Ball 2-2: Strikes out swinging
|
|
Batting: RHB Danilo Baldia
|
0-0: SINGLE (Flyball, 78S, EV 87.5 MPH)
|
|
Batting: RHB Greg Meyer
|
0-0: Foul Ball, location: 2F 0-1: Foul Ball, location: 2F 0-2: Ball 1-2: Strikes out swinging
|
|
Batting: RHB Ryan Roberts
|
0-0: Ball 1-0: Foul Ball, location: 2F 1-1: Foul Ball, location: 2F 1-2: Foul Ball, location: 2F 1-2: Ball 2-2: Foul Ball, location: 2F 2-2: Foul Ball, location: 2F 2-2: Ball 3-2: Foul Ball, location: 2F 3-2: Base on Balls Danilo Baldia to second
|
|
Batting: LHB Brad Benanti
|
0-0: Foul Ball, location: 2F 0-1: Foul Ball, location: 2F 0-2: Ball 1-2: Fielders Choice at 2nd, 5-4 (Groundball, 56, EV 107.5 MPH)
|
| Top of the 3rd over - 1 run, 2 hits, 0 errors, 2 left on base; Fresno State University 4 - Stanford University 0 |
| BOTTOM OF THE 3RD |
|
Stanford University Cardinal batting - Pitching for Fresno State University Bulldogs : RHP Dave Heck
|
|
Batting: RHB Ted Hickey
|
0-0: Called Strike 0-1: Foul Ball, location: 2F 0-2: Ball 1-2: Strikes out swinging
|
|
Batting: RHB John Van der Linden
|
0-0: Called Strike 0-1: Ball 1-1: Ball 2-1: Foul Ball, location: 2F 2-2: Strikes out swinging
|
|
Batting: RHB Joe Gabriel
|
0-0: Ball 1-0: Swinging Strike 1-1: Ball 2-1: Swinging Strike 2-2: Strikes out looking
|
| Bottom of the 3rd over - 0 runs, 0 hits, 0 errors, 0 left on base; Fresno State University 4 - Stanford University 0 |
| TOP OF THE 4TH |
|
Fresno State University Bulldogs batting - Pitching for Stanford University Cardinal : LHP Carlton Hookway
|
|
Batting: SHB Gary Christianson
|
0-0: Ball 1-0: Ball 2-0: Called Strike 2-1: Ball 3-1: Fly out, F5 (Popup, 25, EV 81.9 MPH)
|
|
Batting: RHB Tony Nowak
|
0-0: Ball 1-0: DOUBLE (Line Drive, 9LS, EV 93.1 MPH)
|
|
Batting: LHB Ollie Strauss
|
0-0: Called Strike Tony Nowak is caught stealing 3rd base 2-5 0-1: Called Strike 0-2: Ball 1-2: Ball 2-2: Ground out U3 (Groundball, 34, EV 90.6 MPH)
|
| Top of the 4th over - 0 runs, 1 hit, 0 errors, 0 left on base; Fresno State University 4 - Stanford University 0 |
| BOTTOM OF THE 4TH |
|
Stanford University Cardinal batting - Pitching for Fresno State University Bulldogs : RHP Dave Heck
|
|
Batting: LHB Donny Kleinjan
|
0-0: Called Strike 0-1: Foul Ball, location: 2F 0-2: DOUBLE (Flyball, 8RXD, EV 105.0 MPH)
|
|
Batting: LHB Bryan Davidson
|
0-0: Called Strike 0-1: Called Strike 0-2: Ground out 6-3 (Groundball, 56, EV 83.1 MPH)
|
|
Batting: LHB Mike Keating
|
0-0: Foul Ball, location: 2F 0-1: Called Strike 0-2: Foul Ball, location: 2F 0-2: 2-RUN HOME RUN (Line Drive, 9LD, EV 96.9 MPH), Distance : 348 ft
|
|
Batting: RHB Gary Preston
|
0-0: Ball 1-0: Ball 2-0: Called Strike 2-1: Called Strike 2-2: Foul Ball, location: 2F 2-2: Fly out, F3 (Line Drive, 3, EV 67.5 MPH)
|
|
Batting: RHB Josh Benefield
|
0-0: Swinging Strike 0-1: Fly out, F4 (Line Drive, 4, EV 68.1 MPH)
|
| Bottom of the 4th over - 2 runs, 2 hits, 0 errors, 0 left on base; Fresno State University 4 - Stanford University 2 |
| TOP OF THE 5TH |
|
Fresno State University Bulldogs batting - Pitching for Stanford University Cardinal : LHP Carlton Hookway
|
|
Batting: SHB Carlton Stannard
|
0-0: Foul Ball, location: 2F 0-1: Ball 1-1: Swinging Strike 1-2: SINGLE (Groundball, 34D, EV 95.0 MPH)
|
|
Batting: RHB Sandy Munoz
|
0-0: Called Strike 0-1: Foul Ball, location: 2F 0-2: Foul Ball, location: 2F 0-2: Strikes out swinging
|
|
Batting: RHB Danilo Baldia
|
0-0: Ball 1-0: SINGLE (Line Drive, 9LS, EV 100.0 MPH) Carlton Stannard to second
|
|
Batting: RHB Greg Meyer
|
0-0: Ball 1-0: Swinging Strike 1-1: Ball 2-1: Ball 3-1: Foul Ball, location: 2F 3-2: Fly out, F3 (Line Drive, 3, EV 63.8 MPH)
|
|
Batting: RHB Ryan Roberts
|
0-0: Ball 1-0: Ball 2-0: Ball 3-0: Base on Balls Carlton Stannard to third Danilo Baldia to second
|
|
Batting: LHB Brad Benanti
|
0-0: Ball 1-0: Fly out, F2 (Popup, 25F, EV 77.5 MPH)
|
| Top of the 5th over - 0 runs, 2 hits, 0 errors, 3 left on base; Fresno State University 4 - Stanford University 2 |
| BOTTOM OF THE 5TH |
|
Stanford University Cardinal batting - Pitching for Fresno State University Bulldogs : RHP Dave Heck
|
|
Batting: RHB Dzevat Koljevic
|
0-0: Fly out, F8 (Line Drive, 8RD, EV 94.4 MPH)
|
|
Batting: RHB Ted Hickey
|
0-0: Fly out, F8 (Flyball, 8LD, EV 74.4 MPH)
|
|
Batting: RHB John Van der Linden
|
0-0: Ball 1-0: Reached on error, E8 (Flyball, 89D, EV 86.2 MPH)
|
|
Batting: RHB Joe Gabriel
|
0-0: SINGLE (Groundball, 5S, EV 76.2 MPH) (infield hit) John Van der Linden to third
|
|
Batting: LHB Donny Kleinjan
|
0-0: Called Strike 0-1: Fly out, F7 (Flyball, 78M, EV 98.8 MPH)
|
| Bottom of the 5th over - 0 runs, 1 hit, 1 error, 2 left on base; Fresno State University 4 - Stanford University 2 |
| TOP OF THE 6TH |
|
Fresno State University Bulldogs batting - Pitching for Stanford University Cardinal : LHP Carlton Hookway
|
|
Batting: SHB Gary Christianson
|
0-0: Fly out, F8 (Flyball, 8RS, EV 94.4 MPH)
|
|
Pitching: RHP Andy Swan
|
|
|
Batting: RHB Tony Nowak
|
0-0: Ball 1-0: Ball 2-0: Ball 3-0: Base on Balls
|
|
Batting: LHB Ollie Strauss
|
0-0: Called Strike Tony Nowak steals 2nd base 0-1: Called Strike 0-2: Strikes out swinging
|
|
Batting: SHB Carlton Stannard
|
0-0: Ball 1-0: Fly out, F9 (Flyball, 9S, EV 63.8 MPH)
|
| Top of the 6th over - 0 runs, 0 hits, 0 errors, 1 left on base; Fresno State University 4 - Stanford University 2 |
| BOTTOM OF THE 6TH |
|
Stanford University Cardinal batting - Pitching for Fresno State University Bulldogs : RHP Dave Heck
|
|
Batting: LHB Bryan Davidson
|
0-0: Reached on error, E4 (Groundball, 4, EV 90.6 MPH)
|
|
Batting: LHB Mike Keating
|
0-0: Fly out, F9 (Line Drive, 9S, EV 93.1 MPH)
|
|
Batting: RHB Gary Preston
|
0-0: Called Strike 0-1: Called Strike 0-2: Ball 1-2: Foul Ball, location: 2F 1-2: Foul Ball, location: 2F 1-2: Ball 2-2: SINGLE (Groundball, 56D, EV 97.5 MPH) Bryan Davidson to second
|
|
Pitching: RHP Oscar Zetino
|
|
|
Batting: RHB Josh Benefield
|
0-0: Ball 1-0: Called Strike 1-1: Called Strike 1-2: Foul Ball, location: 2F 1-2: Grounds into double play, 6-4-3 (Groundball, 6, EV 108.8 MPH)
|
| Bottom of the 6th over - 0 runs, 1 hit, 1 error, 1 left on base; Fresno State University 4 - Stanford University 2 |
| TOP OF THE 7TH |
|
Fresno State University Bulldogs batting - Pitching for Stanford University Cardinal : RHP Andy Swan
|
|
Pitching: LHP Joe Alverson
|
|
|
Batting: RHB Sandy Munoz
|
0-0: Called Strike 0-1: Ball 1-1: Swinging Strike 1-2: Strikes out swinging
|
|
Batting: RHB Danilo Baldia
|
0-0: Ball 1-0: Ball 2-0: Called Strike 2-1: SINGLE (Line Drive, 34D, EV 110.0 MPH)
|
|
Batting: RHB Greg Meyer
|
0-0: Ball 1-0: Foul Ball, location: 2F 1-1: Ball 2-1: Ball 3-1: Fly out, F9 (Line Drive, 9LM, EV 103.8 MPH)
|
|
Pitching: LHP Larry Steen
|
|
|
Batting: RHB Ryan Roberts
|
0-0: Ball 1-0: Ball 2-0: Called Strike 2-1: Foul Ball, location: 2F 2-2: Foul Ball, location: 2F 2-2: SINGLE (Groundball, 6MD, EV 104.4 MPH) Danilo Baldia to second
|
|
Batting: LHB Brad Benanti
|
0-0: Called Strike 0-1: Ball 1-1: Foul Ball, location: 2F 1-2: Foul Ball, location: 2F 1-2: Ball 2-2: Strikes out swinging
|
| Top of the 7th over - 0 runs, 2 hits, 0 errors, 2 left on base; Fresno State University 4 - Stanford University 2 |
| BOTTOM OF THE 7TH |
|
Stanford University Cardinal batting - Pitching for Fresno State University Bulldogs : RHP Oscar Zetino
|
|
Pinch Hitting: RHB Joe Petley
|
0-0: Ball 1-0: Ball 2-0: Ball 3-0: Called Strike 3-1: Swinging Strike 3-2: Foul Ball, location: 2F 3-2: Strikes out looking
|
|
Batting: RHB Ted Hickey
|
0-0: Called Strike 0-1: Foul Ball, location: 2F 0-2: Ball 1-2: Fly out, F7 (Flyball, 7, EV 84.4 MPH)
|
|
Batting: RHB John Van der Linden
|
0-0: Ball 1-0: Swinging Strike 1-1: Ball 2-1: Foul Ball, location: 2F 2-2: Ball 3-2: Ground out 4-3 (Groundball, 4D, EV 80.0 MPH)
|
| Bottom of the 7th over - 0 runs, 0 hits, 0 errors, 0 left on base; Fresno State University 4 - Stanford University 2 |
| TOP OF THE 8TH |
|
Fresno State University Bulldogs batting - Pitching for Stanford University Cardinal : LHP Larry Steen
|
|
Pitching: RHP Steven Townsend
|
|
|
Now at 3B: Joe Petley
|
|
|
Batting: SHB Gary Christianson
|
0-0: Ball 1-0: Called Strike 1-1: SOLO HOME RUN (Flyball, 89XD, EV 106.9 MPH), Distance : 410 ft
|
|
Batting: RHB Tony Nowak
|
0-0: Ball 1-0: Swinging Strike 1-1: Ground out 5-3 (Groundball, 56D, EV 102.5 MPH)
|
|
Batting: LHB Ollie Strauss
|
0-0: Called Strike 0-1: Ball 1-1: Ball 2-1: Foul Ball, location: 2F 2-2: Foul Ball, location: 2F 2-2: Ball 3-2: Foul Ball, location: 2F 3-2: Ground out 5-3 (Groundball, 56, EV 81.2 MPH)
|
|
Batting: SHB Carlton Stannard
|
0-0: Fly out, F9 (Line Drive, 9S, EV 103.8 MPH)
|
| Top of the 8th over - 1 run, 1 hit, 0 errors, 0 left on base; Fresno State University 5 - Stanford University 2 |
| BOTTOM OF THE 8TH |
|
Stanford University Cardinal batting - Pitching for Fresno State University Bulldogs : RHP Oscar Zetino
|
|
Pitching: RHP Alex Gutierrez
|
|
|
Batting: RHB Joe Gabriel
|
0-0: Foul Ball, location: 2F 0-1: Ground out 6-3 (Groundball, 6, EV 80.0 MPH)
|
|
Pitching: LHP Denis van de Kolk
|
|
|
Batting: LHB Donny Kleinjan
|
0-0: Foul Ball, location: 2F 0-1: Ball 1-1: Foul Ball, location: 2F 1-2: Foul Ball, location: 2F 1-2: Ground out 4-3 (Groundball, 4, EV 85.6 MPH)
|
|
Batting: LHB Bryan Davidson
|
0-0: Foul Ball, location: 2F 0-1: Ball 1-1: Foul Ball, location: 2F 1-2: Strikes out swinging, 2-3 out at first.
|
| Bottom of the 8th over - 0 runs, 0 hits, 0 errors, 0 left on base; Fresno State University 5 - Stanford University 2 |
| TOP OF THE 9TH |
|
Fresno State University Bulldogs batting - Pitching for Stanford University Cardinal : RHP Steven Townsend
|
|
Pitching: RHP John Hollinger
|
|
|
Batting: RHB Sandy Munoz
|
0-0: SOLO HOME RUN (Flyball, 7D, EV 110.0 MPH), Distance : 438 ft
|
|
Batting: RHB Danilo Baldia
|
0-0: Called Strike 0-1: SOLO HOME RUN (Flyball, 7LD, EV 98.8 MPH), Distance : 382 ft
|
|
Batting: RHB Greg Meyer
|
0-0: Fly out, F7 (Flyball, 7LSF, EV 89.4 MPH)
|
|
Batting: RHB Ryan Roberts
|
0-0: Swinging Strike 0-1: Swinging Strike 0-2: Ball 1-2: Foul Ball, location: 2F 1-2: Ball 2-2: Strikes out swinging
|
|
Batting: LHB Brad Benanti
|
0-0: Swinging Strike 0-1: Ball 1-1: Ball 2-1: Foul Ball, location: 2F 2-2: Foul Ball, location: 2F 2-2: Foul Ball, location: 2F 2-2: Ball 3-2: Ground out U3 (Groundball, 3S, EV 67.5 MPH)
|
| Top of the 9th over - 2 runs, 2 hits, 0 errors, 0 left on base; Fresno State University 7 - Stanford University 2 |
| BOTTOM OF THE 9TH |
|
Stanford University Cardinal batting - Pitching for Fresno State University Bulldogs : LHP Denis van de Kolk
|
|
Pinch Hitting: LHB Chien Sam
|
0-0: SINGLE (Groundball, 6D, EV 110.0 MPH)
|
|
Pitching: RHP Brian Travaglio
|
|
|
Batting: RHB Gary Preston
|
0-0: Grounds into double play, 6-4-3 (Groundball, 6, EV 90.6 MPH)
|
|
Batting: RHB Josh Benefield
|
0-0: Called Strike 0-1: Ball 1-1: Ball 2-1: Ground out 6-3 (Groundball, 6, EV 103.8 MPH)
|
| Bottom of the 9th over - 0 runs, 1 hit, 0 errors, 0 left on base; Fresno State University 7 - Stanford University 2 |
|